 Dungeon Crawl Stone Soup version 0.26.1-11-gd32895ea62 (webtiles) character file.

Game seed: 9338253111249973898

140 GenialerGandalf the Chopper (level 5, -3/46 HPs)
             Began as a Hill Orc Fighter on Apr 19, 2021.
             Slain by Sigmund
             ... wielding a +1 scythe of protection
              (8 damage)
             ... on level 3 of the Dungeon.
             The game lasted 00:07:38 (2772 turns).

GenialerGandalf the Chopper (Hill Orc Fighter)      Turns: 2772, Time: 00:07:38

Health: -3/46      AC:  9    Str: 20    XL:     5   Next: 23%
Magic:  5/5        EV:  5    Int:  8    God:
Gold:   132        SH:  9    Dex: 10    Spells: 4/4 levels left

rFire    . . .     SeeInvis .   a - +0 war axe
rCold    . . .     Faith    .   c - +0 kite shield
rNeg     . . .     Spirit   .   y - +0 chain mail
rPois    .         Reflect  .   (no helmet)
rElec    .         Harm     .   (no cloak)
rCorr    .         Rampage  .   (no gloves)
Will     .....                  (no boots)
Stlth    ..........             (no amulet)
HPRegen  0.15/turn              (no ring)
MPRegen  0.09/turn              (no ring)

@: no status effects
A: no striking features
a: no special abilities


You were on level 3 of the Dungeon.
You visited 1 branch of the dungeon, and saw 3 of its levels.

You collected 132 gold pieces.

Inventory:

Hand Weapons
 a - a +0 war axe (weapon)
Missiles
 b - 45 sling bullets
 g - 21 poisoned darts (quivered)
 h - 100 stones
 t - 18 arrows
 w - 10 bolts
Armour
 c - a +0 kite shield (worn)
 y - a +0 chain mail (worn)
Jewellery
 e - an uncursed ring of fire {unknown}
 i - a +4 ring of protection {unknown}
 n - a cursed -4 ring of protection {unknown}
 v - an uncursed amulet of regeneration {unknown}
Wands
 z - a wand of acid (11)
Scrolls
 j - a scroll of immolation {unknown}
 k - 2 scrolls of teleportation {unknown}
 l - a scroll of amnesia {unknown}
 o - a scroll of fog {unknown}
 q - a scroll of random uselessness {unknown}
 s - 2 scrolls of identify {unknown}
 x - 2 scrolls of remove curse {unknown}
Potions
 d - a potion of might
 f - 2 potions of lignification {unknown}
 m - 2 potions of curing {unknown}
 p - 3 potions of heal wounds {unknown}
 r - a potion of haste {unknown}
 u - a potion of resistance {unknown}
 A - a potion of brilliance {unknown}


   Skills:
 + Level 3.9 Fighting
 + Level 5.2 Axes
 + Level 4.2 Armour
 + Level 0.4 Dodging
 + Level 0.1 Stealth
 + Level 3.8 Shields


You had 4 spell levels left.
You didn't know any spells.
Your spell library was empty.

Dungeon Overview and Level Annotations

Branches:
Dungeon (3/15)

Altars:
Makhleb
Ru
Zin

Annotations:
D:3 Sigmund


Message History

The adder skeleton bites you.
* * * LOW HITPOINT WARNING * * *
You block something's attack.
You closely miss the adder skeleton.
The adder skeleton is heavily damaged.
The adder skeleton bites you but does no damage.
Something hits you but does no damage. The adder skeleton bites you.
* * * LOW HITPOINT WARNING * * *
You hit the adder skeleton.
The adder skeleton is almost destroyed.
You block the adder skeleton's attack.
You hit the adder skeleton.
You destroy the adder skeleton!
Something hits you but does no damage. Something hits you.
* * * LOW HITPOINT WARNING * * *
You see here a frilled lizard corpse.
A hound skeleton comes into view.
Something hits you!
You die...

.... #.@# .. ..#
##.## .. . .P.. #..##
... P....
###..#####....
.P.P.##...........###
.......†###...>#....
..................###
88.......[.#....>...
.......#.@.####..###
.8P...####......##
##... ......
#....##.........##
#.....###.####
#####....
#######...##### #..#
#.#.§§.§# #####..#
#.#.§§§§###.....####
#.#.§§§§##..#...#...
#.#§§§.§§...†.....##


There were no monsters in sight!

Vanquished Creatures
  A centaur skeleton (D:3)
  A hound zombie (D:3)
  A howler monkey skeleton (D:3)
  An adder (D:3)
  An ooze (D:3)
  3 adder skeletons (D:3)
  2 worms (D:2)
  A dart slug (D:2)
  3 leopard geckos
  2 orcs (D:3)
  3 goblins
  8 hobgoblins
  3 jackals (D:2)
  9 kobolds
  A quokka (D:2)
  4 ball pythons
  6 bats
  4 frilled lizards
  A leopard gecko skeleton (D:3)
  A rat (D:1)
56 creatures vanquished.

Vanquished Creatures (others)
  10 plants (D:2)
  3 withered plants (D:3)
13 creatures vanquished.

Grand Total: 69 creatures vanquished

Notes
Turn   | Place    | Note
-------+----------+-------------------------------------------
     0 | D:1      | GenialerGandalf the Hill Orc Fighter began the quest for
                  | the Orb.
     0 | D:1      | Reached XP level 1. HP: 19/19 MP: 1/1
   279 | D:1      | Reached skill level 3 in Axes
   407 | D:1      | Reached XP level 2. HP: 20/27 MP: 2/2
   761 | D:1      | You fall into a shaft and drop 1 floor!
  1040 | D:2      | Found a burning altar of Makhleb.
  1391 | D:2      | Reached XP level 3. HP: 33/33 MP: 3/3
  1420 | D:2      | Found a faded altar of an unknown god.
  1751 | D:1      | Found a sacrificial altar of Ru.
  2102 | D:2      | Reached skill level 4 in Axes
  2102 | D:2      | Found a glowing silver altar of Zin.
  2539 | D:3      | Reached XP level 4. HP: 35/40 MP: 4/4
  2597 | D:3      | Reached XP level 5. HP: 40/46 MP: 5/5
  2668 | D:3      | Reached skill level 5 in Axes
  2713 | D:3      | Noticed Sigmund
  2772 | D:3      | Slain by Sigmund

Illustrated notes

Levels and vault maps discovered:
D:1:      minmay_arrival_widening_spiral_wide, layout_basic, minmay_hexomino_r4
D:2:      layout_basic, general_overflow_altar, lemuel_doored_altar,
          chequers_ecumenical_altar_lobes
D:3:      layout_rooms, serial_undead, serial_undead_b, serial_undead_d,
          serial_undead_e, serial_undead_d, serial_undead_a, serial_undead_c,
          serial_undead_c, serial_undead_f, uniq_ijyb, uniq_robin, uniq_sigmund

Skill      XL: |  1  2  3  4  5 |
---------------+----------------+-----
Axes           | 3 4 5 |  5.2
Armour         | 4 |  4.2
Fighting       | |  3.9
Dodging        | |  0.4
Stealth        | |  0.1
Shields        | |  3.8

Action                   |  1- 3 |  4- 6 || total
-------------------------+-------+-------++-------
Melee: War axe           |   130 |    52 ||   182
Armor: Scale mail        |    53 |       ||    53
       Chain mail        |    15 |    31 ||    46
Dodge: Dodged            |    39 |    13 ||    52
Block: Kite shield       |    60 |    27 ||    87
